 Dungeon Crawl Stone Soup version 0.18-a0-1797-gc18daef (webtiles) character file.

7 M4edhros the Grave Robber (level 2, 0/17 HPs)
             Began as an Octopode Necromancer on Apr 22, 2016.
             Slain by an orc
             ... wielding a +0 club
              (5 damage)
             ... on level 3 of the Dungeon.
             The game lasted 00:00:52 (177 turns).

M4edhros the Grave Robber (Octopode Necromancer)     Turns: 177, Time: 00:00:52

Health: 0/17       AC:  1    Str:  7    XL:     2   Next: 4%
Magic:  0/5        EV: 12    Int: 17    God:
Gold:   10         SH:  0    Dex: 12    Spells: 1 memorised, 4 levels left

rFire  . . .     SeeInvis .       - Unarmed
rCold  . . .     Gourm    .     (no shield)
rNeg   . . .     Faith    .     (helmet restricted)
rPois  .         Spirit   .     (no amulet)
rElec  .         Dismiss  .     (no ring)
rCorr  .         Reflect  .     (no ring)
SustAt .         Harm     .     (no ring)
MR     .....                    (no ring)
Stlth  +++.......               (no ring)
                                (no ring)
                                (no ring)
                                (no ring)

@: very slightly contaminated, not resistant to hostile enchantments, fairly
stealthy
A: almost no armour, amphibious, 8 rings, constrict 8, camouflage 1, gelatinous
body 1
a: no special abilities


You were on level 3 of the Dungeon.
You were not hungry.

You visited 1 branch of the dungeon, and saw 3 of its levels.

You collected 10 gold pieces.

Inventory:

Missiles
 e - 39 sling bullets
Books
 a - a book of Necromancy

   Spells                             Type                      Level
   a - Pain                           Necromancy                   1
   b - Animate Skeleton               Necromancy                   1
   c - Vampiric Draining              Necromancy                   3
   d - Regeneration                   Charms/Necromancy            3
   e - Animate Dead                   Necromancy                   4
   f - Control Undead                 Necromancy                   4
Comestibles
 b - a bread ration
 d - a meat ration


   Skills:
 - Level 2.0 Dodging
 - Level 2.6 Stealth
 + Level 1.6 Unarmed Combat
 - Level 2.0 Spellcasting
 - Level 4.0 Necromancy


You had 4 spell levels left.
You knew the following spells:

 Your Spells              Type           Power        Failure   Level  Hunger
a - Pain                  Necr           ###.         3%          1    #......


Dungeon Overview and Level Annotations

Branches:
Dungeon (3/15)

Altars:


Innate Abilities, Weirdness & Mutations

You cannot wear most types of armour.
You are amphibious.
You can wear up to eight rings at the same time.
You can use your tentacles to constrict eight enemies at once.
Your skin changes colour to match your surroundings (Stealth).
Your rubbery body absorbs attacks (AC +1).


Message History

Confirm with . or Enter, or press ? or * to list all spells.
Aiming: Pain
Press: ? - help, Shift-Dir - straight line, f - orc
Aim: an orc, wielding a club (chance to defeat MR: 92%)
You miscast Pain.
You are very lightly contaminated with residual magic.
Nothing appears to happen.
Casting: Pain
Confirm with . or Enter, or press ? or * to list all spells.
Aiming: Pain
Press: ? - help, Shift-Dir - straight line, f/p - orc
Aim: an orc, wielding a club (chance to defeat MR: 92%)
The orc convulses in agony!
The orc barely misses you.
Casting: Pain
Confirm with . or Enter, or press ? or * to list all spells.
Aiming: Pain
Press: ? - help, Shift-Dir - straight line, f/p - orc
Aim: an orc, wielding a club (moderately wounded, chance to defeat MR: 92%)
The orc convulses in agony!
The orc hits you with a club.
You die...

#....# .####.#.#
........#
#...#######
#......<..# #
#.#.#####.#
##.#####...........
..?..............
..#
.........@.....# ##
##...P..o####....
...####..'..#P..#
#. #..#).# ..# .
+..#### #..+ ...#
...# ##...


You could see an orc.

Vanquished Creatures
  A worm (D:2)
  2 jackals (D:1)
  A kobold (D:3)
4 creatures vanquished.

Notes
Turn   | Place    | Note
--------------------------------------------------------------
     0 | D:1      | M4edhros the Octopode Necromancer began the quest for the Orb.
     0 | D:1      | Reached XP level 1. HP: 11/11 MP: 3/3
   102 | D:2      | Reached skill level 1 in Unarmed Combat
   173 | D:3      | Reached XP level 2. HP: 7/17 MP: 3/5
   177 | D:3      | Slain by an orc

Vault maps used:
D:1:      matt_arrival_spirals, kennysheep_nondescript, hangedman_decor_riveting
D:2:      lemuel_doored_altar, minmay_misc_feat_roman, uniq_terence, uniq_iyjb,
          uniq_sigmund
D:3:      corexii_shack_village, nicolae_overflow_crystal_walls, minitemple,
          minivault_5

Skill      XL: |  1 |
---------------+----+-----
Unarmed Combat | 1 |  1.6
Dodging        | |  2.0
Stealth        | |  2.6
Spellcasting   | |  2.0
Necromancy     | |  4.0

Action                   || total
-------------------------++-------
Melee: Unarmed           ||    14
       Constrict         ||     3
       Tentacles         ||     1
 Cast: Pain              ||     7
  Use: Scroll            ||     1
Armor: Skin              ||     3
Dodge: Dodged            ||    10
